 Dungeon Crawl Stone Soup version 0.30-a0-469-g84de5afbc5 (webtiles) character file.

Game seed: 4131340596271328249

1987 ytrimaz the Thaumaturge (level 9, -3/55 HPs)
             Began as a Djinni Fire Elementalist on Dec 19, 2022.
             Slain by Joseph
             ... wielding a +0 quarterstaff
              (9 damage)
             ... on level 7 of the Dungeon.
             The game lasted 00:10:59 (6298 turns).

ytrimaz the Thaumaturge (Djinni Fire Elementalist)  Turns: 6298, Time: 00:11:00

Health: -3/55      AC:  5    Str: 13    XL:     9   Next: 44%
Gold:   295        EV: 16    Int: 21    God:
                   SH:  0    Dex: 14

rFire   + + .      SeeInvis .    u - +3 woodcutter's axe {vorpal}
rCold   x . .      Faith    .    (shield currently unavailable)
rNeg    . . .      Spirit   .    a - +0 robe
rPois   ∞          Reflect  .    j - +0 helmet
rElec   .          Harm     .    i - +0 cloak
rCorr   .          Rampage  .    o - +0 pair of gloves
Will    .....                    (boots unavailable)
Stlth   ++........               (no amulet)
HPRegen 0.29/turn                s - +4 ring of evasion
MPRegen 0.00/turn                e - +6 ring of strength

@: flying
A: sickness immunity, fire resistance 2, cold vulnerability 1, float, innate
caster, HP casting, extra vitality 1
a: no special abilities


You were on level 7 of the Dungeon.
You visited 1 branch of the dungeon, and saw 7 of its levels.

You collected 347 gold pieces.
You spent 52 gold pieces at shops.


Innate Abilities, Weirdness & Mutations

You are immune to sickness and miasma.
You are immune to poison.
Your flesh is very heat resistant. (rF++)
You are vulnerable to cold. (rC-)
You float through the air rather than walking.
You learn spells naturally, not from books.
Your magical power is your life essence.
You have superior vitality. (+4 MHP)


   Skills:
 - Level 2.1 Dodging
 - Level 1.5 Stealth
 + Level 9.4 Spellcasting


You had 3 spell levels left.
You knew the following spells:

 Your Spells              Type           Power      Damage    Failure   Level
a - Foxfire               Conj/Fire      100%       2x1d9     1%          1
b - Scorch                Fire           98%        2d10      1%          2
c - Kindle Blastsparks    Fire/Tloc/Air  98%        2d18      1%          3
d - Flame Wave            Conj/Fire      49%        2d12      1%          4
e - Inner Flame           Hex/Fire       49%        N/A       1%          3
f - Apportation           Tloc           98%        N/A       1%          1
g - Call Imp              Summ           49%        N/A       1%          2
h - Dazzling Flash        Conj/Hex       98%        N/A       1%          3
i - Summon Lightning Spi  Summ/Air       49%        N/A       1%          4
Your spell library was empty.

Inventory:

Hand Weapons
 u - the +3 woodcutter's axe (weapon) {vorpal}
   (You took it off a gnoll on level 4 of the Dungeon)

   It inflicts extra damage upon your enemies.
Armour
 a - a +0 robe (worn)
 i - a +0 cloak (worn)
   (You found it on level 2 of the Dungeon)
 j - a +0 helmet (worn)
   (You found it on level 3 of the Dungeon)
 o - a +0 pair of gloves (worn)
   (You found it on level 3 of the Dungeon)
Jewellery
 e - a +6 ring of strength (right hand)
   (You found it on level 6 of the Dungeon)
 s - a +4 ring of evasion (left hand)
   (You took it off a hobgoblin on level 4 of the Dungeon)
Scrolls
 b - 5 scrolls of teleportation
 c - a scroll of silence {unknown}
 h - a scroll of amnesia
 l - 3 scrolls of enchant weapon
 q - a scroll of vulnerability {unknown}
 r - a scroll of acquirement {unknown}
 v - 3 scrolls of butterflies
 x - 2 scrolls of noise {unknown}
 y - a scroll of magic mapping
Potions
 d - a potion of cancellation
 f - a potion of curing
 g - 4 potions of brilliance
 k - a potion of haste {unknown}
 m - a potion of heal wounds {unknown}
 n - a potion of mutation {unknown}
 p - 2 potions of lignification {unknown}
 w - a potion of degeneration {unknown}
 z - a potion of magic {unknown}

Dungeon Overview and Level Annotations

Branches:
Dungeon (7/15) Zot: 26993
 Temple: D:4-7

Altars:
Gozag
Xom
Yredelemnul

Shops:
D:2 !   D:4 *

Annotations:
D:7 Joseph

#.############
#.............
#...@@#
..............<
...............
...............
.)..$..........
.......).......
...............
...............


You could see Joseph.


Message History

Casting: Flame Wave (dangerous; 1% risk of failure)
Press: ? - help, Dir - look around, f - activate A wave of flame ripples out! (Press . to intensify the flame waves.)
A wave of flame ripples out!
The flame wave engulfs the hound!
The hound bites you. 😕 HP[-8]
You take 8 damage, and now have 42/55 hp.
A wave of flame ripples out!
The flame wave engulfs the hound!
You kill the hound!
You finish channelling waves of flame.
Casting: Flame Wave (dangerous; 1% risk of failure)
Confirm with . or Enter, or press ? or * to list all spells.
Casting: Flame Wave (dangerous; 1% risk of failure)
Press: ? - help, Dir - look around, f - activate A wave of flame ripples out! (Press . to intensify the flame waves.)
A wave of flame ripples out!
The flame wave engulfs the jelly.
The jelly hits you but does no damage. 😮 HP[-5]
You take 5 damage, and now have 37/55 hp.
A wave of flame ripples out!
The flame wave engulfs the jelly!!
You kill the jelly!
You finish channelling waves of flame.
e - a +6 ring of strength 😮 HP[+1]
Found a shimmering blue altar of Sif Muna. 😎 HP[+17]
Your hp is fully restored (55).
You feel stronger.
e - a +6 ring of strength (right hand) Unknown command.
There is a shimmering blue altar of Sif Muna here.
You now have 295 gold pieces (gained 7).
You see here a hound corpse.
Key pressed, stopping explore.
Key pressed, stopping explore.
Key pressed, stopping explore.
Found a stone staircase leading down.
Key pressed, stopping explore.
Done exploring.
Done exploring.
Done exploring.
Done exploring.
Done exploring.
Done exploring.
Done exploring.
Done exploring.
Done exploring.
There is a stone staircase leading down here.
You fly downwards.
Joseph shouts!
Found a robe, 12 gold pieces, an arbalest and a dagger.
Found a stone staircase leading up.
There is a stone staircase leading up here.
Joseph is nearby!
Joseph is nearby!
Joseph is nearby!
Unknown command.
Casting: Flame Wave (dangerous; 1% risk of failure)
Confirm with . or Enter, or press ? or * to list all spells.
Casting: Flame Wave (dangerous; 1% risk of failure)
Press: ? - help, Dir - look around, f - activate A wave of flame ripples out! (Press . to intensify the flame waves.) 😕 HP[-3]
You take 3 damage, and now have 52/55 hp.
A wave of flame ripples out!
The flame wave engulfs Joseph!
You hear a shout!
Something shouts, "Go and return not, thou mangled hell-hated vulture!"
You hear a shout!
You hear a loud, deep croak!
Joseph hits you with a +0 quarterstaff! 😮 HP[-13]
You take 13 damage, and now have 39/55 hp.
MASSIVE DAMAGE!! (PAUSE)
Casting: Flame Wave (dangerous; 1% risk of failure)
Confirm with . or Enter, or press ? or * to list all spells.
Restarting spell: Flame Wave (dangerous; 1% risk of failure)
Press: ? - help, Dir - look around, f - activate A wave of flame ripples out!
The flame wave engulfs Joseph! (Press . to intensify the flame waves.) Joseph hits you with a +0 quarterstaff!
* * * LOW HITPOINT WARNING * * *
😨 HP[-17]
You take 17 damage, and now have 22/55 hp.
MASSIVE DAMAGE!! (PAUSE)
A wave of flame ripples out!
The flame wave engulfs Joseph!
* * * LOW HITPOINT WARNING * * *
Joseph hits you with a +0 quarterstaff!!
* * * LOW HITPOINT WARNING * * *
😱 HP[-21]
You take 21 damage, and now have 1/55 hp.
MASSIVE DAMAGE!! (PAUSE) Unknown command.
You feel better. Joseph barely misses you. 😱 HP[+5]
You regained 5 hp, and now have 6/55 hp.
Unknown command.
Joseph hits you with a +0 quarterstaff!
You die...

Skill      XL: |  1  2  3  4  5  6  7  8  9 |
---------------+----------------------------+-----
Spellcasting   | 3 5 6 8 9 |  9.4
Dodging        | |  2.1
Stealth        | |  1.5

Action                   |  1- 3 |  4- 6 |  7- 9 || total
-------------------------+-------+-------+-------++-------
Melee: Unarmed           |     4 |     6 |       ||    10
       Punch             |       |     2 |       ||     2
       Battleaxe         |       |       |    14 ||    14
 Cast: Foxfire           |   114 |    44 |   184 ||   342
       Scorch            |     1 |     7 |       ||     8
       Kindle Blastspark |       |     6 |     5 ||    11
       Call Imp          |       |     1 |       ||     1
       Flame Wave        |       |       |    15 ||    15
  Use: Scroll            |     4 |     3 |     3 ||    10
       Potion            |       |     1 |     1 ||     2
Armor: Robe              |     3 |     1 |    11 ||    15
Dodge: Dodged            |    20 |    13 |    33 ||    66

Levels and vault maps discovered:
D:1:      dpeg_arrival_water_fire, layout_basic, serial_park_tiny_pond
D:2:      layout_basic, serial_shops, shop, chequers_ecumenical_altar_lobes
D:3:      layout_basic, mainiacjoe_overflow_concentric_impassable,
          kennysheep_flooded_box, nicolae_figureground_sparkle,
          uniq_crazy_yiuf_cottage, uniq_sigmund, uniq_robin
D:4:      layout_loops_ring, serial_shops, nicolae_shop_behind_doors,
          grunt_decor_one_mirror, pf_guarded_unrand_woodcutter
D:5:      layout_cave_pools, mainiacjoe_overflow_catwalk_spiral
D:6:      layout_loops_ring, overflow_temple_1_default, hangedman_decor_opposing
D:7:      nzn_winding_woodlands_medium [nzn_winding_woodlands_5x5_closed_star,
          nzn_winding_woodlands_5x15_garden, nzn_winding_woodlands_5x5_three,
          nzn_winding_woodlands_5x5_cross,
          nzn_winding_woodlands_center_diamonds,
          nzn_winding_woodlands_5x5_default,
          nzn_winding_woodlands_5x5_open_star,
          nzn_winding_woodlands_5x15_pathside_ponds,
          nzn_winding_woodlands_5x5_default], layout_rooms,
          minmay_temple_entry_butterflies, uniq_duvessa, uniq_joseph

Notes
Turn   | Place    | Note
-------+----------+-------------------------------------------
     0 | D:1      | ytrimaz the Djinni Fire Elementalist began the quest for
                  | the Orb.
     0 | D:1      | ytrimaz set off with the following spells memorised:
                  | Foxfire, Scorch, Kindle Blastsparks, Inner Flame, Flame
                  | Wave.
     0 | D:1      | Reached XP level 1. HP: 15/15 MP: 0/0
     0 | D:1      | magus.rc [v1.9.6]
   242 | D:1      | Reached XP level 2. HP: 18/21 MP: 0/0
   509 | D:1      | Reached skill level 3 in Spellcasting
   801 | D:2      | Reached XP level 3. HP: 25/25 MP: 0/0
   801 | D:2      | Learned a level 1 spell: Apportation
   972 | D:2      | Found Byimep's Distillery.
  1686 | D:2      | Found a faded altar of an unknown god.
  1794 | D:2      | Reached XP level 4. HP: 25/31 MP: 0/0
  2533 | D:3      | Noticed Sigmund
  2554 | D:3      | Killed Sigmund
  2555 | D:3      | Reached skill level 5 in Spellcasting
  2555 | D:3      | Reached XP level 5. HP: 11/35 MP: 0/0
  2555 | D:3      | Learned a level 2 spell: Call Imp
  2555 | D:3      | Reached XP level 6. HP: 13/40 MP: 0/0
  2674 | D:3      | Found an opulent altar of Gozag.
  2914 | D:3      | Noticed Robin
  2986 | D:3      | Killed Robin
  3255 | D:3      | Found a runed translucent door.
  3256 | D:3      | Noticed Crazy Yiuf
  3269 | D:3      | Killed Crazy Yiuf
  3281 | D:3      | Identified the +7 hammer of the Tomato {vorpal, rC+ Str+3}
  3393 | D:4      | Reached XP level 7. HP: 42/45 MP: 0/0
  3393 | D:4      | Learned a level 3 spell: Dazzling Flash
  3477 | D:4      | Found Zetwee's Assorted Antiques.
  3480 | D:4      | Bought a scroll labelled TIVES EN VAPPI for 26 gold pieces
  3480 | D:4      | Bought a scroll labelled COEVIDGHA ROL QALU for 26 gold
                  | pieces
  3553 | D:4      | Reached skill level 6 in Spellcasting
  3600 | D:4      | HP: 9/45 [gnoll/+1 whip of venom (7)]
  3972 | D:4      | Reached XP level 8. HP: 48/50 MP: 0/0
  4054 | D:4      | Reached skill level 7 in Spellcasting
  4602 | D:5      | Entered Level 5 of the Dungeon
  4937 | D:5      | Found a shimmering altar of Xom.
  4954 | D:5      | Reached skill level 8 in Spellcasting
  4986 | D:5      | Found a basalt altar of Yredelemnul.
  5394 | D:6      | Reached XP level 9. HP: 50/55 MP: 0/0
  5394 | D:6      | Learned a level 4 spell: Summon Lightning Spire
  5676 | D:6      | Reached skill level 9 in Spellcasting
  5700 | D:6      | HP: 7/55 [bullfrog (7)]
  6292 | D:7      | Noticed Joseph
  6296 | D:7      | HP: 1/55 [Joseph/+0 quarterstaff (21)]
  6298 | D:7      | Slain by Joseph

Vanquished Creatures
  Sigmund (D:3)
  2 ice beasts (D:5)
  2 ogres
  A centaur (D:6)
  4 phantoms
  A gnoll sergeant (D:4)
  2 bullfrogs (D:6)
  2 scorpions
  2 necrophages
  3 hounds
  2 jellies (D:6)
  An orc priest (D:5)
  Crazy Yiuf (D:3)
  A gnoll bouda (D:4)
  4 iguanas
  2 orc wizards (D:5)
  Robin (D:3)
  14 gnolls
  7 adders
  An ufetubus (D:4)
  A worm (D:2)
  2 dart slugs
  3 orcs (D:5)
  6 ball pythons
  A bat (D:2)
  7 endoplasms
  2 giant cockroaches
  14 goblins
  7 hobgoblins
  6 jackals
  A quokka (D:3)
  2 frilled lizards
  A kobold (D:1)
  4 rats
111 creatures vanquished.

Vanquished Creatures (collateral kills)
  3 foxfires
3 creatures vanquished.

Vanquished Creatures (others)
  517 foxfires
  4 fungi (D:3)
521 creatures vanquished.

Grand Total: 635 creatures vanquished

Table legend:
 A = Non-vault XP
 B = Vault XP
 C = Vault XP percentage of total XP
 D = Non-vault monster count
 E = Vault monster count
 F = Vault count percentage of total count
                 A         B        C        D         E       F
            +---------+---------+-------+---------+---------+-------
      Total |    2256 |     583 |  20.5 |      88 |      23 |  20.7
            +---------+---------+-------+---------+---------+-------
        D:1 |      28 |       0 |   0.0 |      17 |       0 |   0.0
        D:2 |      47 |       0 |   0.0 |      11 |       0 |   0.0
        D:3 |      24 |     294 |  92.5 |       7 |      10 |  58.8
        D:4 |     582 |     289 |  33.2 |      23 |      13 |  36.1
        D:5 |     600 |       0 |   0.0 |      14 |       0 |   0.0
        D:6 |     975 |       0 |   0.0 |      16 |       0 |   0.0
            +---------+---------+-------+---------+---------+-------

Illustrated notes

Table legend:
 A = Kills in this place as a percentage of kills in entire the game.
 B = Kills by you in this place as a percentage of kills by you in the entire game.
 C = Kills by friends in this place as a percentage of kills by friends in the entire game.
 D = Other kills in this place as a percentage of other kills in the entire game.
 E = Experience gained in this place as a percentage of experience gained in the entire game.
 F = Experience gained in this place divided by the number of levels of this place that you have seen.
                   A       B       C       D       E      F
               +-------+-------+-------+-------+-------+----------------------
         Total | 100.0 | 100.0 |   N/A |   N/A | 100.0 | 405.6
       Dungeon | 100.0 | 100.0 |   N/A |   N/A | 100.0 | 405.6
               +-------+-------+-------+-------+-------+----------------------

Table legend: (Time is in decaauts)
 A = Elapsed time spent in this place.
 B = Non-inter-level travel time spent in this place.
 C = Inter-level travel time spent in this place.
 D = Time resting spent in this place.
 E = Time spent auto-exploring this place.
 F = Levels seen in this place.
 G = Mean time per level.
                   A        B        C        D        E       F      G
               +--------+--------+--------+--------+--------+-----+--------+
         Total |   6294 |   5998 |    296 |     30 |   5047 |   7 |  899.1 |
       Dungeon |   6294 |   5998 |    296 |     30 |   5047 |   7 |  899.1 |
               +--------+--------+--------+--------+--------+-----+--------+

Top non-repeatable levels by time:
     D:3: 1332 daAuts
     D:4: 1268 daAuts
     D:2: 1258 daAuts
     D:6: 985 daAuts
     D:1: 740 daAuts
     D:5: 703 daAuts
     D:7: 5 daAuts
